 Dungeon Crawl Stone Soup version 0.30-a0-292-g0f741e3f8e (webtiles) character file.

Game seed: 2705715813598903440

43 jlumianski the Chopper (level 3, 0/27 HPs)
             Began as a Demonspawn Gladiator on Oct 17, 2022.
             Slain by an adder (2 damage)
             ... on level 2 of the Dungeon.
             The game lasted 00:03:52 (859 turns).

jlumianski the Chopper (Demonspawn Gladiator)        Turns: 859, Time: 00:03:53

Health: 0/27       AC:  3    Str: 16    XL:     3   Next: 37%
Magic:  3/3        EV: 12    Int:  9    God:
Gold:   33         SH:  0    Dex: 14    Spells: 2/2 levels left

rFire   + . .      SeeInvis .    a - +0 war axe
rCold   + . .      Faith    .    (no shield)
rNeg    . . .      Spirit   .    b - +0 leather armour
rPois   +          Reflect  .    (helmet restricted)
rElec   +          Harm     .    (no cloak)
rCorr   +          Rampage  .    (no gloves)
Will    .....                    (no boots)
Stlth   +.........               (no amulet)
HPRegen 0.24/turn                (no ring)
MPRegen 0.08/turn                (no ring)

@: lethally poisoned (0 -> -10), resistant
A: horns 2
a: no special abilities


You were on level 2 of the Dungeon.
You visited 1 branch of the dungeon, and saw 3 of its levels.

You collected 33 gold pieces.

Inventory:

Hand Weapons
 a - a +0 war axe (weapon)
Missiles
 d - 3 throwing nets (quivered)
 e - a javelin
Armour
 b - a +0 leather armour (worn)
 c - a +0 helmet
Scrolls
 f - a scroll of vulnerability
 g - a scroll of immolation
 i - a scroll of identify
Potions
 h - a potion of resistance


   Skills:
 + Level 2.2 Fighting
 + Level 3.6 Axes
 + Level 1.8 Throwing
 + Level 0.2 Armour
 + Level 3.0 Dodging


You had 2 spell levels left.
You didn't know any spells.
Your spell library contained the following spells:

 Spells                   Type           Power      Damage    Failure   Level
 Freeze                   Ice            0%         1d3       45%         1
 Frozen Ramparts          Ice            0%         1d1       83%         3
 Hailstorm                Conj/Ice       0%         3d3       83%         3
 Lesser Beckoning         Tloc           0%         N/A       83%         3
 Dispersal                Tloc           0%         N/A       100%        6


Dungeon Overview and Level Annotations

Branches:
Dungeon (3/15)

Altars:


Innate Abilities, Weirdness & Mutations

You have a pair of horns on your head.


Message History

You completely miss the adder. The adder bites you.
You are poisoned.
The adder poisons you!
You hit the adder. Your headbutt misses the adder.
The adder is lightly wounded.
You feel sick. The adder closely misses you. x2
You hit the adder.
The adder is moderately wounded.
You hit the adder but do no damage.
You feel sick. The adder closely misses you. The adder bites you.
You are more poisoned.
The adder poisons you! The adder bites you.
You miss the adder.
You headbutt the adder, but do no damage.
The adder is moderately wounded.
You barely miss the adder.
You feel very sick. The adder closely misses you. The adder barely misses you.
The adder closely misses you. The adder bites you but does no damage.
You completely miss the adder.
The adder is moderately wounded.
You hit the adder.
You feel sick. The adder misses you. The adder bites you but does no damage.
The adder bites you.
You are more poisoned.
The adder poisons you!
You hit the adder.
The adder is severely wounded.
You closely miss the adder.
You feel very sick. The adder barely misses you. The adder bites you.
* * * LOW HITPOINT WARNING * * *
You are more poisoned.
The adder poisons you! The adder bites you.
* * * LOW HITPOINT WARNING * * *
The adder closely misses you.
You feel protected.
* * * LOW HITPOINT WARNING * * *
You feel very sick. The adder bites you.
You die...

###### ...... ......
......## .....# ######
...# #....#
#.#########....###
#.###.........'....'..
#...S@#########....###
#####S# ###### #.# #.#
#.# #.. #.# ...


You could see 2 adders.

Vanquished Creatures
  A dart slug (D:1)
  5 bats
  7 endoplasms
  7 hobgoblins
  3 quokkas (D:1)
  2 ball pythons (D:1)
  3 frilled lizards
  A goblin (D:1)
  5 kobolds
  3 rats
37 creatures vanquished.

Notes
Turn   | Place    | Note
-------+----------+-------------------------------------------
     0 | D:1      | jlumianski the Demonspawn Gladiator began the quest for the
                  | Orb.
     0 | D:1      | Reached XP level 1. HP: 16/16 MP: 1/1
    52 | D:1      | Gained mutation: You have a pair of small horns on your
                  | head. [demonic ancestry]
    52 | D:1      | Reached XP level 2. HP: 20/22 MP: 2/2
   340 | D:1      | Gained mutation: You have a pair of horns on your head.
                  | [demonic ancestry]
   340 | D:1      | Reached XP level 3. HP: 27/27 MP: 3/3
   361 | D:1      | Got the Treatise on the Jaunt
   859 | D:2      | Slain by an adder

Illustrated notes

Levels and vault maps discovered:
D:1:      eino_arrival_tree_alley, layout_rooms
D:2:      layout_basic, uniq_terence
D:3:      layout_basic, dancing_weapons_uskayaw, minmay_misc_feat_x,
          uniq_grinder

Skill      XL: |  1  2 |
---------------+-------+-----
Axes           | 3 |  3.6
Dodging        | 3 |  3.0
Fighting       | |  2.2
Throwing       | |  1.8
Armour         | |  0.2

Action                   || total
-------------------------++-------
Melee: War axe           ||    95
       Headbutt          ||    10
  Use: Scroll            ||     3
       Potion            ||     1
Armor: Leather armour    ||    48
Dodge: Dodged            ||    78

Table legend: (Time is in decaauts)
 A = Elapsed time spent in this place.
 B = Non-inter-level travel time spent in this place.
 C = Inter-level travel time spent in this place.
 D = Time resting spent in this place.
 E = Time spent auto-exploring this place.
 F = Levels seen in this place.
 G = Mean time per level.
                   A        B        C        D        E       F      G
               +--------+--------+--------+--------+--------+-----+--------+
         Total |    893 |    862 |     31 |      0 |    327 |   3 |  297.7 |
       Dungeon |    893 |    862 |     31 |      0 |    327 |   3 |  297.7 |
               +--------+--------+--------+--------+--------+-----+--------+

Top non-repeatable levels by time:
     D:1: 638 daAuts
     D:2: 204 daAuts
     D:3: 50 daAuts
